Map: Ruby Rock LE

Players

HoldTheDoor

  • Race: Protoss Protoss
  • League: Diamond
  • Spawn Location: 11:00

Taoman - Winner!

  • Race: Terran Terran
  • League: Diamond
  • Spawn Location: 5:00

VOD

Have the link to the VOD?

Description

Time

  • Played on: May 17, 2026, 1:28 p.m.
  • Length: 11:10
Show
View Real Time Build Order
Export as new Build Order

HoldTheDoor Protoss 

Build Orders: 1 Gate Expand 

Get SALT Encoding   

  12  0:00  Probe  
  13  0:12  Probe  
  14  0:17  Pylon  
  14  0:23  Probe  
  15  0:31  Probe  
  15  0:37  Gateway  
  15  0:39  Probe  
  16  0:49  Assimilator  
  17  0:51  Probe  
  18  1:03  Probe  
  19  1:07  Pylon  
  19  1:15  Probe  
  20  1:27  Probe  
  21  1:36  Nexus  
  21  1:38  Cybernetics Core  
  21  1:43  Probe  
  22  1:54  Pylon  
  22  2:05  Adept  
  22  2:06  Probe, Assimilator  
  25  2:17  Warp Gate  
  25  2:18  Probe  
  26  2:26  Pylon  
  26  2:30  Probe  
  27  2:42  Probe  
  27  2:43  Gateway  
  28  2:53  Probe  
  28  2:55  Probe  
  28  2:57  Robotics Facility  
  30  3:03  Gateway  
  30  3:06  Gateway  
  30  3:07  Probe  
  30  3:10  Probe  
  32  3:19  Pylon  
  32  3:22  Shield Battery  
  31  3:34  Shield Battery, Probe  
  32  3:38  Probe  
  33  3:46  Immortal, Probe  
  33  4:06  Adept x3  
  37  4:12  Adept  
  33  4:28  Adept x3  
  39  4:31  Probe  
  39  4:34  Probe  
  41  4:49  Immortal  
  45  4:59  Adept  
  47  5:02  Sentry  
  49  5:10  Stalker  
  49  5:12  Sentry  
  53  5:19  Warp Prism  
  53  5:28  Probe  
  56  5:31  Probe  
  55  6:32  Adept  
  55  6:33  Adept x3  
  59  6:49  Probe x2  
  61  6:56  Pylon  
  61  7:00  Stargate  
  61  7:01  Probe  
  62  7:03  Gateway  
  62  7:07  Gateway  
  62  7:11  Pylon, Assimilator  
  62  7:14  Pylon, Probe x2  
  62  7:15  Immortal  
  68  7:18  Stalker  
  70  7:25  Pylon  
  70  7:26  Assimilator  
  70  7:30  Probe  
  71  7:38  Twilight Council  
  71  7:39  Probe  
  72  7:48  Forge  
  72  7:53  Phoenix  
  72  7:57  Sentry  
  76  8:05  Zealot x2  
  78  8:07  Probe x2  
  78  8:09  Charge  
  82  8:19  Probe  
  83  8:24  Zealot x3  
  85  8:42  Protoss Ground Weapons Level 1  
  83  8:54  Stalker  
  83  8:55  Stalker x3  
  77  9:19  Stalker x4  
  69  9:43  Stalker x4  
  59  9:47  Phoenix  
  61  10:05  Probe x2  
  63  10:18  Phoenix  
  65  10:24  Zealot x4  
  54  10:54  Stalker x5  
Show
View Real Time Build Order
Export as new Build Order

Taoman Terran - Winner!

Build Orders:  

Get SALT Encoding   

  12  0:03  SCV  
  13  0:15  SCV  
  13  0:19  Supply Depot  
  14  0:26  Refinery  
  14  0:27  SCV  
  15  0:43  Barracks  
  15  0:44  SCV  
  16  0:57  SCV  
  17  1:05  Barracks  
  17  1:11  SCV  
  18  1:25  SCV  
  19  1:32  Reaper  
  20  1:36  Supply Depot  
  20  1:40  SCV  
  21  1:52  Orbital Command  
  21  1:55  Reaper  
  22  2:09  Barracks  
  22  2:11  Reaper  
  23  2:19  Refinery  
  23  2:21  SCV  
  24  2:29  Reaper  
  25  2:33  SCV  
  26  2:45  SCV  
  26  2:47  Reaper  
  28  2:56  Reaper  
  28  3:05  Barracks Tech Lab  
  28  3:08  SCV  
  28  3:09  Command Center  
  29  3:20  SCV  
  30  3:31  Barracks Reactor, Barracks Tech Lab  
  30  3:32  SCV  
  31  3:39  Factory  
  31  4:17  SCV  
  31  4:20  Marine x3  
  31  4:21  Marauder  
  34  4:29  Orbital Command, SCV  
  35  4:32  Bunker  
  35  4:35  Factory Reactor  
  35  4:36  Starport  
  35  4:38  Marine x3  
  38  4:41  SCV, Marine  
  40  4:53  SCV  
  40  4:56  Marine x3  
  40  4:58  SCV  
  45  5:05  SCV  
  45  5:07  Marauder  
  46  5:16  Supply Depot  
  46  5:24  Engineering Bay  
  46  5:28  Supply Depot, Factory Tech Lab  
  46  5:34  Supply Depot  
  46  5:37  Marine x2, Refinery, SCV x2  
  46  5:38  Marauder x2  
  46  5:39  Stimpack, Combat Shield  
  54  5:49  Medivac  
  56  5:50  SCV x2  
  56  5:55  Marine  
  53  5:57  Siege Tank  
  53  5:59  Marauder x2  
  53  6:01  Marine  
  54  6:12  SCV  
  54  6:13  Marine  
  56  6:19  Marine  
  56  6:20  Marine, Marauder  
  56  6:24  Orbital Command  
  57  6:30  Supply Depot  
  57  6:38  Marauder  
  56  6:41  Marine x2  
  56  6:42  Marauder  
  60  6:50  Supply Depot  
  60  6:51  Siege Tank, Terran Infantry Weapons Level 1  
  63  7:00  Marauder  
  65  7:04  SCV  
  65  7:05  SCV  
  67  7:11  Refinery, Marine  
  68  7:16  SCV  
  68  7:18  Marine  
  68  7:19  Marauder  
  68  7:21  Marine  
  73  7:24  Liberator  
  73  7:29  Marine, Concussive Shells  
  77  7:31  SCV  
  77  7:32  SCV  
  79  7:43  SCV  
  79  7:44  Marine x2, Marauder  
  83  7:45  SCV  
  83  7:50  Refinery  
  85  7:51  Marine  
  86  8:00  Supply Depot  
  86  8:21  Liberator  
  86  8:22  SCV x2, Siege Tank  
  94  8:30  Command Center  
  94  8:37  Marine, SCV  
  94  8:38  Marauder  
  94  8:39  Marine  
  93  8:54  Marine  
  94  9:00  Marine, SCV  
  94  9:01  Marauder  
  94  9:05  Marauder  
  94  9:09  Siege Tank  
  94  9:12  Marine  
  94  9:22  Liberator  
  94  9:23  Marine, Supply Depot, Marauder  
  100  9:27  Marauder  
  100  9:30  Marine  
  89  9:41  Siege Tank  
  89  9:44  Marauder  
  89  9:45  Marine  
  87  9:48  Marine, Marauder  
  87  9:51  Liberator  
  90  10:02  Marine  
  90  10:06  Marine, Marauder  
  94  10:08  Orbital Command  
  94  10:09  Marauder  
  94  10:11  SCV  
  94  10:13  Siege Tank  
  100  10:16  Supply Depot  
  100  10:20  Marine  
  101  10:23  Marine  
  101  10:27  Marine  
  103  10:30  Marine  
  104  10:38  Marine  
  104  10:41  Marine  
  101  10:45  Marauder  
  101  10:49  Marauder  
Tags
 
Add a new tag
Caveats
  • Supply blocks, unpowered buildings, or Contaminate may cause inaccurate times.
  • Supply counts are checked every 10 seconds.